 Dungeon Crawl Stone Soup version 0.29.1-1-gd02db6906a (webtiles) character file.

Game seed: 3396858474498569970

253264 jamesp the Prince of Secrets (level 19, 0/168 HPs)
             Began as a Gnoll Warper on Sept 16, 2022.
             Was a High Priest of Ashenzari.
             Slain by a two-headed ogre
             ... wielding a +0 giant club
              (6 damage)
             ... while paralysed by a floating eye
             ... on level 15 of the Dungeon on Sept 20, 2022.
             The game lasted 03:52:02 (37754 turns).

jamesp the Prince of Secrets (Gnoll Warper)        Turns: 37754, Time: 03:52:02

Health: 0/168      AC: 25    Str: 26    XL:     19   Next: 71%
Magic:  0/42       EV:  2    Int: 19    God:    Ashenzari [*****.]
Gold:   1466       SH:  0    Dex: 20    Spells: 49/57 levels left

rFire   + + .      SeeInvis +   s - +5 long sword "Jealousy of Ashenzari" {distort, Self, Melee} (curse)
rCold   . . .      Faith    .   v - +0 buckler of the Restrained Gloom {Range, Self} (curse)
rNeg    + . .      Spirit   +   u - +7 ring mail of the Unyielding Gaze {rPois Dex+2, Elem, Fort} (curse)
rPois   +          Reflect  .   G - +1 hat "Tethered Together" {rF+ Str+4, Self, Cun} (curse)
rElec   +          Harm     .   V - +0 cloak of Supernal Gnosis {rElec rCorr Str+3 Stlth+, Range, Self} (curse)
rCorr   +          Rampage  .   N - +2 pair of gloves of the Unyielding Gaze {Alch, Comp} (curse)
Will    +....      Clarity  +   P - +2 pair of boots "Per Aspera Ad Scientiam" {rF+, Cun, Evo} (curse)
Stlth   ++++++++..              I - amulet of Ashenzari's Stars {Spirit rN+ Regen+ Str+7 SInv, Bglg, Cun} (curse)
HPRegen 1.18/turn               g - ring "Malaise of Ashenzari" {Dex+6, Alch, Bglg} (curse)
MPRegen 0.28/turn               (no ring)

@: paralysed, invisible
A: fangs 1, strong nose, distributed training
}: 2/15 runes: barnacled, gossamer
a: Renounce Religion, Shatter the Chains


You were on level 15 of the Dungeon.
You worshipped Ashenzari.
Ashenzari was extremely pleased with you.
You visited 6 branches of the dungeon, and saw 31 of its levels.
You also visited: Ice Cave.

You collected 3377 gold pieces.
You spent 1911 gold pieces at shops.

Inventory:

Hand Weapons
 s - the cursed +5 long sword "Jealousy of Ashenzari" (weapon) {distort, Self, Melee}
   (You took it off an orc warrior on level 8 of the Dungeon)

   It warps and distorts space around it, and may blink, banish, or inflict
   extra damage upon those it strikes.
   Unwielding it can cause banishment or high damage.
   It has a curse which improves the following skills: Introspection: Fighting
   and Spellcasting.
   Melee Combat: Short Blades, Long Blades, Axes, Maces & Flails, Polearms,
   Staves and Unarmed Combat.
Missiles
 d - 2 poisoned darts
 k - 9 atropa-tipped darts
 t - 6 boomerangs (quivered)
 B - 5 throwing nets
 L - 8 curare-tipped darts
Armour
 o - a +2 pair of gloves of infusion
 u - the cursed +7 ring mail of the Unyielding Gaze (worn) {rPois Dex+2, Elem, Fort}
   (You took it off an orc on level 3 of the Dungeon)

   Dex:       It affects your dexterity (+2).
   rPois:     It protects you from poison.
   It has a curse which improves the following skills: Elements: Fire Magic, Ice
   Magic, Air Magic and Earth Magic.
   Fortitude: Armour and Shields.
 v - the cursed +0 buckler of the Restrained Gloom (worn) {Range, Self}
   (You took it off a tengu conjurer on level 14 of the Dungeon)

   It has a curse which improves the following skills: Ranged Combat: Ranged
   Weapons and Throwing.
   Introspection: Fighting and Spellcasting.
 G - the cursed +1 hat "Tethered Together" (worn) {rF+ Str+4, Self, Cun}
   (You found it on level 4 of the Shoals)

   Str:       It affects your strength (+4).
   rF:        It protects you from fire.
   It has a curse which improves the following skills: Introspection: Fighting
   and Spellcasting.
   Cunning:   Dodging and Stealth.
 N - the cursed +2 pair of gloves of the Unyielding Gaze (worn) {Alch, Comp}
   (You found it on level 5 of the Dungeon)

   It has a curse which improves the following skills: Alchemy: Poison Magic and
   Transmutations.
   Companions: Summonings and Necromancy.
 P - the cursed +2 pair of boots "Per Aspera Ad Scientiam" (worn) {rF+, Cun, Evo}
   (You found it on level 12 of the Dungeon)

   rF:        It protects you from fire.
   It has a curse which improves the following skills: Cunning: Dodging and
   Stealth.
   Evocations: Evocations.
 V - the cursed +0 cloak of Supernal Gnosis (worn) {rElec rCorr Str+3 Stlth+, Range, Self}
   (You acquired it on level 6 of the Dungeon)

   Str:       It affects your strength (+3).
   rElec:     It insulates you from electricity.
   rCorr:     It protects you from acid and corrosion.
   Stlth:     It makes you more stealthy.
   It has a curse which improves the following skills: Ranged Combat: Ranged
   Weapons and Throwing.
   Introspection: Fighting and Spellcasting.
Jewellery
 g - the cursed ring "Malaise of Ashenzari" (left hand) {Dex+6, Alch, Bglg}
   (You found it on level 1 of the Dungeon)

   [ring of dexterity]

   Dex:       It affects your dexterity (+6).
   It has a curse which improves the following skills: Alchemy: Poison Magic and
   Transmutations.
   Beguiling: Conjurations, Hexes and Translocations.
 I - the cursed amulet of Ashenzari's Stars (around neck) {Spirit rN+ Regen+ Str+7 SInv, Bglg, Cun}
   (You found it on level 4 of the Lair of Beasts)

   [amulet of guardian spirit]

   It causes incoming damage to be divided between your reserves of health and
   magic.
   Str:       It affects your strength (+7).
   rN:        It protects you from negative energy.
   SInv:      It lets you see invisible.
   Regen:     It increases your rate of health regeneration.
   It has a curse which improves the following skills: Beguiling: Conjurations,
   Hexes and Translocations.
   Cunning:   Dodging and Stealth.
 Q - a +6 ring of intelligence
Wands
 n - a wand of mindburst (6)
 C - a wand of iceblast (7)
 T - a wand of acid (14)
Scrolls
 a - a scroll of enchant armour
 c - 4 scrolls of blinking
 e - 6 scrolls of fear
 h - 3 scrolls of butterflies
 m - a scroll of summoning
 p - 11 scrolls of teleportation
 y - 2 scrolls of silence
 A - 4 scrolls of magic mapping
 D - a scroll of enchant weapon
 O - 3 scrolls of poison
Potions
 b - 5 potions of ambrosia
 f - 3 potions of flight
 i - 21 potions of curing
 j - 5 potions of might
 l - 5 potions of invisibility
 q - 5 potions of haste
 r - 5 potions of resistance
 w - 4 potions of cancellation
 z - a potion of magic
 S - 3 potions of berserk rage
Miscellaneous
 F - a box of beasts


   Skills:
 + Level 14.4(19.8) Fighting
 + Level 13.7(15.9) Short Blades
 + Level 14.4(16.6) Long Blades
 + Level 13.7(15.9) Axes
 + Level 13.7(15.9) Maces & Flails
 + Level 13.7(15.9) Polearms
 + Level 13.7(15.9) Staves
 + Level 13.7(17.1) Ranged Weapons
 + Level 13.9(17.3) Throwing
 + Level 13.9(16.1) Armour
 + Level 14.4(18.8) Dodging
 + Level 13.7(18.2) Stealth
 + Level 13.7(15.9) Shields
 + Level 13.7(15.9) Unarmed Combat
 + Level 14.5(19.9) Spellcasting
 + Level 11.6(15.0) Conjurations
 + Level 11.6(15.0) Hexes
 + Level 11.6(13.9) Summonings
 + Level 11.6(13.9) Necromancy
 + Level 12.8(16.2) Translocations
 + Level 11.6(15.0) Transmutations
 + Level 11.6(13.9) Fire Magic
 + Level 11.6(13.9) Ice Magic
 + Level 11.6(13.9) Air Magic
 + Level 11.6(13.9) Earth Magic
 + Level 11.6(15.0) Poison Magic
 + Level 14.8 Invocations
 + Level 13.7(15.9) Evocations


You had 49 spell levels left.
You knew the following spells:

 Your Spells              Type           Power      Damage    Failure   Level
a - Blink                 Tloc           100%       N/A       0%          2
b - Ozocubu's Armour      Ice            64%        N/A       1%          3
c - Teleport Other        Tloc           69%        N/A       0%          3

Your spell library contained the following spells:

 Spells                   Type           Power      Damage    Failure   Level
 Beastly Appendage        Tmut           100%       N/A       0%          1
 Magic Dart               Conj           100%       1d8       0%          1
 Necrotise                Necr           100%       1d9       0%          1
 Searing Ray              Conj           100%       2d8       0%          2
 Wereblood                Tmut           66%        N/A       0%          2
 Gell's Gravitas          Tloc           69%        N/A       0%          3
 Lesser Beckoning         Tloc           69%        N/A       0%          3
 Sublimation of Blood     Necr           64%        N/A       1%          2
 Inner Flame              Hex/Fire       65%        N/A       1%          3
 Spider Form              Tmut/Pois      66%        N/A       1%          3
 Vampiric Draining        Necr           64%        2d10      1%          3
 Animate Dead             Necr           64%        N/A       1%          4
 Cause Fear               Hex            33%        N/A       1%          4
 Fulminant Prism          Conj/Hex       33%        3d16      1%          4
 Hailstorm                Conj/Ice       65%        3d14      1%          4
 Ice Form                 Ice/Tmut       65%        N/A       1%          4
 Agony                    Necr           64%        N/A       1%          5
 Manifold Assault         Tloc           69%        N/A       1%          5
 Simulacrum               Ice/Necr       32%        N/A       1%          6
 Haunt                    Necr/Summ      32%        N/A       11%         7
 Ozocubu's Refrigeration  Ice            32%        4d14      11%         7
 Summon Hydra             Summ           32%        N/A       11%         7
 Discord                  Hex            33%        N/A       47%         8
 Infestation              Necr           32%        N/A       65%         8
 Chain Lightning          Conj/Air       32%        3d43      100%        9
 Fire Storm               Conj/Fire      32%        8d8       100%        9
 Shatter                  Erth           32%        3d26*     100%        9


Dungeon Overview and Level Annotations

Branches:
Dungeon (15/15)            Temple (1/1) D:5            Lair (5/5) D:10
 Shoals (4/4) Lair:2       Spider (4/4) Lair:3        Slime (0/5) Lair:4
    Orc (2/2) D:9             Elf (0/3) Orc:2        Vaults (0/5) D:13
 Depths (0/4) D:15          IceCv (visited)

Altars:
Ashenzari
Cheibriados
Dithmenos
Elyvilon
Fedhas
Gozag
Hepliaklqana
Kikubaaqudgha
Makhleb
Nemelex Xobeh
Okawaru
Qazlal
Ru
Sif Muna
Trog
Uskayaw
Vehumet
Wu Jian
Xom
Yredelemnul
Zin
The Shining One

Shops:
D:7 [   D:8 (   Orc:2 [[(*   Shoals:1 *

Portals:
Hell: Lair:5

Annotations:
Lair:1 exclusion: oklob plant
Spider:1 Roxanne
Orc:2 2 transporters, masschaos23's ghost, journeyman HOFi
Abyss:1 Arachne; Maggie; Urug


Innate Abilities, Weirdness & Mutations

You have very sharp teeth.
Your uncanny sense of smell can sniff out nearby items.
Your experience applies equally to all skills.


Message History

The rakshasa weaves an illusion.
The two-headed ogre shimmers and seems to become two!
The lindwurm is engulfed in calcifying dust.
The catoblepas snuffles in challenge.
The rakshasa hits you but does no damage.
You block the wizard's attack.
The slime creature is engulfed in calcifying dust.
The floating eye gazes piercingly through you!
You suddenly lose the ability to move!
Your efreet hits the purple ugly thing with a +3 scimitar of flaming!
Your efreet burns the purple ugly thing.
Your deep elf pyromancer hits the ogre with a +0 rapier.
The fire elemental disappears in a puff of smoke!
The fire elemental hits you.
The ogre mage hits you but does no damage.
The ogre hits you but does no damage.
The wizard hits you with a +0 dagger of speed.
* * * LOW HITPOINT WARNING * * *
The fire elemental hits your efreet.
The rakshasa blinks!
The lindwurm is engulfed in calcifying dust.
The catoblepas is engulfed in blazing flames.
The slime creature is engulfed in calcifying dust.
The two-headed ogre hits your deep elf pyromancer with a +0 giant club!
The two-headed ogre hits your deep elf pyromancer with a +0 giant club.
The rakshasa hits you but does no damage.
The floating eye's stare focuses on you.
The cyclops is engulfed in calcifying dust.
Your deep elf pyromancer hits the two-headed ogre with a +0 rapier!
The wizard becomes larger for a moment.
The wizard hits you but does no damage.
The ogre closely misses your deep elf pyromancer.
The wizard hits you but does no damage.
The ogre mage hits you but does no damage.
The catoblepas is engulfed in blazing flames.
The slime creature is engulfed in calcifying dust.
The rakshasa hits you with a +0 long sword.
* * * LOW HITPOINT WARNING * * *
The two-headed ogre hits you but does no damage.
The two-headed ogre hits you with a +0 giant club!
You die...

..........°...................,
.............................., ,
.........e................... ,
............R........!....#* **
..............°Y..........####**
.)...........CDD°°........#...,
.............GCOE☼R.........#* **
.............uukuOE........## **
.............OTG@O........##
..........k..OCRJpe.......# ,,,
..............OO.O........#>{{,,
..............C..O........##{, .#
......p....................#{ ,##
.................#........## {*##
.G{GkJk....)....###.....u[#######
.Y§Y{§§O..[..).................#.
.....u........#.).).#.....####.#.


You could see a fire dragon (summoned, unable to see you), a catoblepas
(wandering, unable to see you), a death drake shaped shifter (wandering, unable
to see you), a six-headed hydra (summoned, unable to see you), 3 ugly things, 2
rakshasas, a slime creature (wandering, petrified), a glowing orange brain, 7
two-headed ogres, an ogre mage (invisible), a deep troll, a lindwurm shaped
shifter (petrified), 4 cyclopes, a deep elf pyromancer (unable to see you), a
wizard (invisible, unable to see you), 2 fire elementals, an ogre (fast, unable
to see you), a floating eye (charged), a friendly deep elf pyromancer (summoned)
and a friendly efreet (summoned, confused).

Vanquished Creatures
  Jorgrun (D:14)
  Rupert (D:12)
  A kraken (Shoals:2)
  Polyphemus (Shoals:2)
  Kirke (D:13)
  2 frost giants
  Louise (Shoals:2)
  4 ghost moths
  4 broodmothers (Spider:4)
  An entropy weaver (Spider:3)
  Snorg (D:12)
  4 merfolk javelineers
  2 spark wasps
  The ghost of Wyet the Cleaver, a journeyman HOFi of Beogh (D:12)
  10 merfolk impalers
  Josephine (D:11)
  A boulder beetle (Spider:4)
  7 hydras
  2 ogre magi
  An alligator snapping turtle (Shoals:3)
  A catoblepas (Shoals:2)
  6 merfolk avatars
  12 two-headed ogres
  3 radroaches
  A centaur warrior (Shoals:1)
  5 merfolk aquamancers
  2 satyrs (Shoals:4)
  A tengu warrior (D:15)
  10 death yaks
  An orc high priest (Orc:2)
  A sun demon (D:14)
  A sun moth (Spider:4)
  A deep troll (Orc:2)
  7 sea snakes
  3 sixfirhies
  3 skeletal warriors (D:13)
  7 pharaoh ants
  Lodul (D:13)
  3 steelbarb worms
  7 orb spiders
  4 orc knights
  2 wizards
  A lindwurm (Lair:5)
  Pikel (D:4)
  A deep elf pyromancer (D:14)
  10 harpies
  2 orc sorcerers (Orc:2)
  13 fauns
  19 wolf spiders
  18 ugly things
  6 cyclopes
  2 moths of wrath
  20 manticores
  A spectral centaur (D:11)
  20 elephants
  4 water nymphs (Shoals:4)
  A salamander (shapeshifter) (D:15)
  A guardian serpent (shapeshifter) (D:14)
  14 merfolk sirens
  Joseph (D:7)
  5 black mambas
  A rust devil (D:14)
  5 orange demons
  A centaur skeleton (D:11)
  An ice statue (IceCv)
  4 torpor snails
  15 cane toads
  2 smoke demons (D:14)
  2 unseen horrors
  9 demonic crawlers
  A kobold demonologist (D:10)
  3 hellwings
  3 gargoyles
  2 rime drakes (Lair:5)
  2 yaktaurs
  An efreet (D:14)
  2 tengu conjurers (D:14)
  A freezing wraith (D:14)
  9 komodo dragons
  2 unseen horror zombies (D:9)
  4 ice devils
  15 trolls
  16 polar bears
  A meliai (Spider:4)
  3 red devils (D:14)
  18 merfolk
  A meliai (shapeshifter) (D:15)
  A tyrant leech (Lair:3)
  6 wind drakes
  A hornet (D:12)
  25 blink frogs
  19 tarantellas
  2 wolf spider simulacra
  7 slime creatures
  9 dream sheep
  7 snapping turtles
  10 flying skulls (D:11)
  5 shadows
  24 jumping spiders
  12 wraiths
  19 culicivoras
  73 yaks
  2 vampires
  7 basilisks
  2 spriggans (D:12)
  4 wyverns
  3 water elementals
  2 neqoxecs (D:14)
  27 redbacks
  3 chaos spawn (D:14)
  A steam dragon (D:7)
  16 vampire mosquitoes
  3 swamp worms (Lair:3)
  6 wargs
  An acid dragon (D:10)
  3 hell hounds (Lair:5)
  16 water moccasins
  2 sky beasts (D:7)
  16 orc warriors
  A black mamba simulacrum (D:11)
  25 wolves
  30 ogres
  A boggart (D:12)
  8 centaurs
  A phantom (D:6)
  5 kobold brigands
  15 bullfrogs
  A necrophage (D:6)
  2 scorpions
  8 wights
  15 killer bees
  A vampire bat (D:5)
  7 howler monkeys
  10 electric eels
  4 centaur zombies
  A lava snake (Lair:5)
  2 hounds (D:4)
  3 jellies
  9 orc priests
  A gnoll bouda (D:6)
  4 hell rats (D:11)
  24 orc wizards
  A howler monkey zombie (D:9)
  Robin (D:2)
  5 gnolls
  5 adders
  A shadow imp (D:7)
  2 white imps
  A worm (D:4)
  3 dart slugs
  3 fire bats (D:5)
  74 orcs
  2 spectral bats (D:5)
  9 ball pythons
  A bat simulacrum (D:5)
  3 bat skeletons (D:5)
  A bat zombie (D:5)
  An endoplasm (D:3)
  3 giant cockroaches
  20 goblins
  6 hobgoblins
  7 jackals
  27 kobolds
  4 quokkas
  12 bats
  A frilled lizard (D:1)
  6 rats
  5 tentacles (Shoals:2)
1109 creatures vanquished.

Vanquished Creatures (collateral kills)
  A hydra (Lair:5)
  A wolf spider (Spider:4)
  A rime drake (Lair:5)
  A culicivora (Spider:4)
  A hell hound (Lair:5)
5 creatures vanquished.

Vanquished Creatures (others)
  The ghost of Faliobat the Markstengu, a journeyman TeHu of Vehumet (Lair:4)
  A merfolk aquamancer (Lair:2)
  A wizard (Lair:5)
  2 wolf spiders
  A floating eye (D:15)
  A water moccasin (Lair:4)
  A lava snake (Lair:5)
  An orc (Orc:1)
  3 ball lightnings (Lair:4)
  8 demonic plants (D:14)
  20 fungi
  123 plants
  12 tentacles (Shoals:2)
  A withered plant (D:9)
176 creatures vanquished.

Grand Total: 1290 creatures vanquished

Notes
Turn   | Place    | Note
-------+----------+-------------------------------------------
     0 | D:1      | jamesp the Gnoll Warper began the quest for the Orb.
     0 | D:1      | Reached XP level 1. HP: 20/20 MP: 6/6
    43 | D:1      | Found a faded altar of an unknown god.
   173 | D:1      | Reached XP level 2. HP: 25/26 MP: 7/7
   543 | D:1      | Reached skill level 5 in Spellcasting
   543 | D:1      | Reached XP level 3. HP: 31/31 MP: 7/9
   564 | D:1      | Learned a level 2 spell: Blink
  1047 | D:2      | Reached skill level 1 in Invocations
  1097 | D:2      | Noticed Robin
  1478 | D:2      | Reached skill level 1 in Short Blades
  1478 | D:2      | Reached skill level 1 in Axes
  1478 | D:2      | Reached skill level 1 in Maces & Flails
  1478 | D:2      | Reached skill level 1 in Polearms
  1478 | D:2      | Reached skill level 1 in Staves
  1478 | D:2      | Reached skill level 1 in Ranged Weapons
  1478 | D:2      | Reached skill level 1 in Stealth
  1478 | D:2      | Reached skill level 1 in Shields
  1478 | D:2      | Reached skill level 1 in Unarmed Combat
  1478 | D:2      | Reached skill level 1 in Evocations
  1512 | D:2      | Killed Robin
  1513 | D:2      | Reached XP level 4. HP: 14/38 MP: 11/11
  1968 | D:2      | Reached skill level 1 in Conjurations
  1968 | D:2      | Reached skill level 1 in Hexes
  1968 | D:2      | Reached skill level 1 in Summonings
  1968 | D:2      | Reached skill level 1 in Necromancy
  1968 | D:2      | Reached skill level 1 in Transmutations
  1968 | D:2      | Reached skill level 1 in Fire Magic
  1968 | D:2      | Reached skill level 1 in Ice Magic
  1968 | D:2      | Reached skill level 1 in Air Magic
  1968 | D:2      | Reached skill level 1 in Earth Magic
  1968 | D:2      | Reached skill level 1 in Poison Magic
  2946 | D:3      | Learned a level 3 spell: Ozocubu's Armour
  3083 | D:3      | Identified the +7 ring mail of the Good {rPois Dex+2}
  3648 | D:3      | Reached XP level 5. HP: 43/43 MP: 12/12
  4364 | D:5      | Entered Level 5 of the Dungeon
  4364 | D:5      | Found a staircase to the Ecumenical Temple.
  4413 | D:5      | Noticed a lemure
  4414 | D:5      | Noticed Pikel
  4415 | D:5      | Noticed a lemure
  4453 | D:5      | Noticed an ogre
  4573 | D:5      | Killed an ogre
  4574 | D:5      | Reached skill level 5 in Fighting
  4574 | D:5      | Reached skill level 5 in Long Blades
  4574 | D:5      | Reached skill level 5 in Dodging
  4574 | D:5      | Reached XP level 6. HP: 31/51 MP: 14/14
  4746 | D:4      | Killed Pikel
  4747 | D:4      | Reached XP level 7. HP: 24/56 MP: 15/15
  5181 | D:5      | Reached XP level 8. HP: 57/63 MP: 16/16
  5210 | Temple   | Entered the Ecumenical Temple
  5427 | Temple   | Became a worshipper of Ashenzari the Shackled
  5643 | D:5      | Found a glowing golden altar of the Shining One.
  5654 | D:5      | Found a radiant altar of Vehumet.
  5978 | D:6      | Noticed a shadow
  6189 | D:6      | Killed a shadow
  6274 | D:6      | Found a sacrificial altar of Ru.
  6546 | D:6      | Reached XP level 9. HP: 66/69 MP: 18/18
  6783 | D:6      | Reached skill level 5 in Throwing
  6783 | D:6      | Reached skill level 5 in Armour
  7724 | D:6      | Reached * piety under Ashenzari
  7724 | D:6      | Identified 2 scrolls of acquirement
  7731 | D:6      | Acquired the +0 cloak of the End {rElec rCorr Str+3 Stlth+}
  7744 | D:7      | Found Cotaduse's Antique Armour Shoppe.
  7758 | D:7      | Bought a glowing hat for 217 gold pieces
  7864 | D:7      | Found an opulent altar of Gozag.
  7989 | D:7      | Noticed Joseph
  8014 | D:7      | Killed Joseph
  8015 | D:7      | Reached skill level 5 in Invocations
  8170 | D:7      | Noticed a two-headed ogre
  8176 | D:7      | Killed a two-headed ogre
  8177 | D:7      | Reached skill level 5 in Short Blades
  8177 | D:7      | Reached skill level 5 in Axes
  8177 | D:7      | Reached skill level 5 in Maces & Flails
  8177 | D:7      | Reached skill level 5 in Polearms
  8177 | D:7      | Reached skill level 5 in Staves
  8177 | D:7      | Reached skill level 5 in Ranged Weapons
  8177 | D:7      | Reached skill level 5 in Stealth
  8177 | D:7      | Reached skill level 5 in Shields
  8177 | D:7      | Reached skill level 5 in Unarmed Combat
  8177 | D:7      | Reached skill level 5 in Evocations
  8177 | D:7      | Reached XP level 10. HP: 53/77 MP: 20/20
  8192 | D:7      | Learned a level 3 spell: Teleport Other
  8366 | D:7      | Reached ** piety under Ashenzari
  8786 | D:7      | Found a shimmering altar of Xom.
  9371 | D:8      | Noticed a gargoyle
  9385 | D:8      | Banished a gargoyle
  9526 | D:8      | Found Higoleet's Antique Weapon Shop.
  9543 | D:8      | Bought an ichor-stained war axe for 204 gold pieces
  9543 | D:8      | Identified the +3 war axe of Dismemberment {vamp, rCorr}
                  | (You bought it in a shop on level 8 of the Dungeon)
  9800 | D:8      | Found a snail-covered altar of Cheibriados.
  9923 | D:8      | Reached *** piety under Ashenzari
 10007 | D:8      | Found a glowing silver altar of Zin.
 10248 | D:9      | Noticed a two-headed ogre
 10257 | D:9      | Killed a two-headed ogre
 10399 | D:9      | Reached skill level 5 in Conjurations
 10399 | D:9      | Reached skill level 5 in Hexes
 10399 | D:9      | Reached skill level 5 in Summonings
 10399 | D:9      | Reached skill level 5 in Necromancy
 10399 | D:9      | Reached skill level 5 in Transmutations
 10399 | D:9      | Reached skill level 5 in Fire Magic
 10399 | D:9      | Reached skill level 5 in Ice Magic
 10399 | D:9      | Reached skill level 5 in Air Magic
 10399 | D:9      | Reached skill level 5 in Earth Magic
 10399 | D:9      | Reached skill level 5 in Poison Magic
 10399 | D:9      | Reached XP level 11. HP: 79/90 MP: 25/25
 10627 | D:9      | Found a large runed translucent door.
 10629 | D:9      | Found a large runed translucent door.
 10690 | D:9      | Found a staircase to the Orcish Mines.
 10745 | D:9      | Reached **** piety under Ashenzari
 10812 | D:9      | Found a shadowy altar of Dithmenos.
 10828 | D:9      | Found an ancient bone altar of Kikubaaqudgha.
 10963 | D:9      | Noticed Maggie
 10977 | D:9      | Banished Maggie
 11124 | Orc:1    | Entered Level 1 of the Orcish Mines
 11247 | Orc:2    | Entered Level 2 of the Orcish Mines
 11247 | Orc:2    | Noticed an orc knight
 11247 | Orc:2    | Found a staircase to the Elven Halls.
 11266 | Orc:1    | Killed an orc knight
 11310 | D:10     | Entered Level 10 of the Dungeon
 11345 | D:10     | Identified the +3 lajatang "Cioxal" {vorpal, +Blink Fly
                  | Str-3}
 11618 | D:10     | Found a staircase to the Lair.
 11808 | D:10     | Reached XP level 12. HP: 103/103 MP: 28/28
 12356 | D:11     | Noticed a four-headed hydra
 12359 | D:11     | Killed a four-headed hydra
 13165 | D:11     | Found a basalt altar of Yredelemnul.
 13166 | D:11     | Identified the +7 falchion of Disembowelment {speed, rF+
                  | rN+ Str+4}
 13178 | D:11     | Noticed Josephine
 13193 | D:11     | Killed Josephine
 13208 | D:11     | Reached XP level 13. HP: 100/111 MP: 30/30
 13645 | D:12     | Noticed Rupert
 13676 | D:12     | Killed Rupert
 13868 | D:12     | Noticed Snorg
 14088 | Lair:1   | Entered Level 1 of the Lair of Beasts
 14127 | Lair:1   | Reached skill level 10 in Spellcasting
 14132 | Lair:1   | Reached ***** piety under Ashenzari
 14771 | Lair:1   | Reached skill level 10 in Fighting
 14771 | Lair:1   | Reached skill level 10 in Long Blades
 14771 | Lair:1   | Reached skill level 10 in Dodging
 15352 | Lair:2   | Reached XP level 14. HP: 124/124 MP: 33/33
 15367 | Lair:2   | Reached skill level 10 in Invocations
 15480 | Lair:2   | Found a staircase to the Shoals.
 16546 | Lair:3   | Reached skill level 10 in Throwing
 16546 | Lair:3   | Reached skill level 10 in Armour
 16547 | Lair:3   | Found a hole to the Spider Nest.
 16549 | Lair:3   | Identified the +11 flail "Suimoqaj" {flame, rPois rC- rN++
                  | rCorr}
 16853 | Lair:4   | Found a frozen archway.
 16861 | IceCv    | Entered an ice cave
 17299 | IceCv    | Noticed a frost giant
 17327 | IceCv    | Killed a frost giant
 17359 | IceCv    | Reached skill level 10 in Translocations
 17514 | IceCv    | Reached skill level 10 in Short Blades
 17514 | IceCv    | Reached skill level 10 in Axes
 17514 | IceCv    | Reached skill level 10 in Maces & Flails
 17514 | IceCv    | Reached skill level 10 in Polearms
 17514 | IceCv    | Reached skill level 10 in Staves
 17514 | IceCv    | Reached skill level 10 in Ranged Weapons
 17514 | IceCv    | Reached skill level 10 in Stealth
 17514 | IceCv    | Reached skill level 10 in Shields
 17514 | IceCv    | Reached skill level 10 in Unarmed Combat
 17514 | IceCv    | Reached skill level 10 in Evocations
 17819 | Lair:4   | Reached XP level 15. HP: 125/132 MP: 35/35
 17852 | Lair:4   | Found a staircase to the Slime Pits.
 17866 | Lair:4   | Found a transporter.
 17870 | Lair:4   | Found a transporter.
 17870 | Lair:4   | Noticed Faliobat's ghost (journeyman TeHu)
 17872 | Lair:4   | Identified the amulet of Departure {Spirit rN+ Regen+ Str+7
                  | SInv}
 17909 | Lair:4   | Identified the +0 plate armour "Jurodoan" {Str+2}
 18449 | Lair:4   | Killed Faliobat's ghost
 18522 | Lair:5   | Entered Level 5 of the Lair of Beasts
 19867 | Lair:5   | Found a burning altar of Makhleb.
 19996 | Lair:5   | Found a gateway to Hell.
 20445 | Orc:2    | Found Tuvvih's Antique Weapon Shoppe.
 20534 | Orc:2    | Found Quomylo's Armour Shoppe.
 20825 | Orc:2    | Reached XP level 16. HP: 138/138 MP: 36/36
 20897 | Orc:2    | Paralysed by an ogre mage for 4 turns
 21076 | Orc:2    | Found Owkedd's Assorted Antiques.
 21090 | Orc:2    | Found Wustais's Antique Armour Emporium.
 21106 | Orc:2    | Bought a thick copper amulet for 140 gold pieces
 21106 | Orc:2    | Bought a crude ring mail for 252 gold pieces
 21106 | Orc:2    | Identified the +4 ring mail of Watchfulness {Str+3} (You
                  | bought it in a shop on level 2 of the Orcish Mines)
 21111 | Orc:2    | Bought a pair of scorched boots for 285 gold pieces
 21111 | Orc:2    | Identified the +0 pair of boots of Sif Muna's Inspiration
                  | {Str+3 Int-3} (You bought it in a shop on level 2 of the
                  | Orcish Mines)
 21111 | Orc:2    | Bought a crude cloak for 285 gold pieces
 21111 | Orc:2    | Identified the +0 cloak of Hitsiza {rCorr} (You bought it
                  | in a shop on level 2 of the Orcish Mines)
 21111 | Orc:2    | Bought a runed scarf for 240 gold pieces
 21280 | Orc:2    | Found a transporter.
 21284 | Orc:2    | Found a transporter.
 21302 | Orc:2    | Noticed masschaos23's ghost (journeyman HOFi)
 21340 | Orc:2    | Found a bloodstained altar of Trog.
 21351 | Orc:2    | Found a burning altar of Makhleb.
 22368 | D:12     | Found a runed translucent door.
 22372 | D:12     | Identified the +2 pair of boots "Omenusos" {rF+}
 22378 | D:12     | Noticed Wyet's ghost (journeyman HOFi)
 22391 | D:12     | Noticed Urug
 22398 | D:12     | Banished Urug
 22480 | D:12     | Identified the +5 spear of Quantum Leap {flame, +Blink rN+}
 22634 | D:12     | Killed Snorg
 22797 | D:12     | Killed Wyet's ghost
 22887 | D:13     | Noticed Kirke
 22913 | D:13     | Noticed a sphinx
 22918 | D:13     | HP: 5/127 [Kirke (12)]
 22923 | D:13     | Killed Kirke
 22923 | D:13     | Identified the cursed +5 long sword "Jealousy of Ashenzari"
                  | {distort, Self, Melee} (You took it off an orc warrior on
                  | level 8 of the Dungeon)
 22923 | D:13     | Identified the cursed +2 hat "Circumscribed Together" {Cun,
                  | Melee} (You bought it in a shop on level 7 of the Dungeon)
 22923 | D:13     | Identified the cursed +2 pair of gloves of the Unyielding
                  | Gaze {Alch, Comp} (You found it on level 5 of the Dungeon)
 22923 | D:13     | Identified the cursed ring "Malaise of Ashenzari" {Dex+6,
                  | Alch, Bglg} (You found it on level 1 of the Dungeon)
 22923 | D:13     | Identified the cursed ring "Bound Fortune-Teller" {EV+4,
                  | Alch, Self} (You took it off an orc on level 5 of the
                  | Dungeon)
 23180 | D:13     | Noticed Lodul
 23201 | D:13     | Killed Lodul
 23501 | D:13     | Found a gate to the Vaults.
 24297 | Spider:1 | Entered Level 1 of the Spider Nest
 24505 | Spider:1 | Identified the +7 whip "Deqyn" {vorpal, Fly Str+5}
 24649 | Spider:1 | Noticed Roxanne
 25298 | Spider:2 | Reached XP level 17. HP: 140/147 MP: 35/38
 25666 | Spider:2 | Reached skill level 10 in Conjurations
 25666 | Spider:2 | Reached skill level 10 in Hexes
 25666 | Spider:2 | Reached skill level 10 in Summonings
 25666 | Spider:2 | Reached skill level 10 in Necromancy
 25666 | Spider:2 | Reached skill level 10 in Transmutations
 25666 | Spider:2 | Reached skill level 10 in Fire Magic
 25666 | Spider:2 | Reached skill level 10 in Ice Magic
 25666 | Spider:2 | Reached skill level 10 in Air Magic
 25666 | Spider:2 | Reached skill level 10 in Earth Magic
 25666 | Spider:2 | Reached skill level 10 in Poison Magic
 26247 | Spider:2 | Noticed Arachne
 26272 | Spider:2 | Banished Arachne
 27660 | Spider:4 | Entered Level 4 of the Spider Nest
 29540 | Spider:4 | Reached XP level 18. HP: 77/154 MP: 0/39
 29783 | Spider:4 | Got a gossamer rune of Zot
 30106 | Shoals:1 | Entered Level 1 of the Shoals
 31004 | Shoals:1 | Found Ywapriudd's Assorted Antiques.
 31040 | Shoals:1 | Bought a transparent scale mail for 288 gold pieces
 31040 | Shoals:1 | Identified the +5 scale mail of Evolution {rF+ rC+} (You
                  | bought it in a shop on level 1 of the Shoals)
 31547 | Shoals:2 | Noticed Polyphemus
 31586 | Shoals:2 | Killed Polyphemus
 31809 | Shoals:2 | Noticed Louise
 31882 | Shoals:2 | Killed Louise
 33229 | Shoals:4 | Entered Level 4 of the Shoals
 33873 | Shoals:4 | Reached XP level 19. HP: 150/164 MP: 36/41
 33939 | Shoals:4 | Identified the +1 hat of Tyimyt {rF+ Str+4}
 34267 | Shoals:4 | Identified the +7 halberd of Vetahell {drain, rF+}
 34272 | Shoals:4 | Identified the +3 leather armour of Yqen {rC+ Str+3}
 35451 | Shoals:4 | Got a barnacled rune of Zot
 36662 | D:14     | Noticed Jorgrun
 36711 | D:14     | Killed Jorgrun
 37086 | D:15     | Entered Level 15 of the Dungeon
 37167 | D:15     | Found an iron altar of Okawaru.
 37357 | D:15     | Paralysed by an ogre mage for 2 turns
 37405 | D:15     | Reached ****** piety under Ashenzari
 37712 | D:15     | Paralysed by a floating eye for 3 turns
 37717 | D:15     | Paralysed by a floating eye for 3 turns
 37721 | D:15     | Paralysed by a floating eye for 2 turns
 37723 | D:15     | Paralysed by a floating eye for 2 turns
 37727 | D:15     | Paralysed by a floating eye for 2 turns
 37736 | D:15     | Paralysed by a floating eye for 3 turns
 37740 | D:15     | Paralysed by an ogre mage for 4 turns
 37745 | D:15     | Paralysed by a floating eye for 4 turns
 37751 | D:15     | HP: 3/168 [two-headed ogre collision (13)]
 37751 | D:15     | HP: 1/168 [wizard/+0 dagger of speed (2)]
 37752 | D:15     | Paralysed by a floating eye for 4 turns
 37754 | D:15     | Slain by a two-headed ogre

Illustrated notes

Levels and vault maps discovered:
D:1:      minmay_arrival_stair_chambers, layout_rooms,
          shapermc_ecumenical_altar_acropolis,
          nicolae_concentric_dashed_squares_wild
D:2:      minmay_door_path, layout_basic, uniq_robin
D:3:      layout_loops_ring
D:4:      layout_loops_ring, kennysheep_generic_room_6
D:5:      layout_cave_pools, amethyst_overflow_temple_binary,
          minmay_temple_entry_trees, goddamned_bats, uniq_pikel
D:6:      layout_gridville, nicolae_ru_path_of_blood, lightli_minifort
D:7:      layout_loops_corners, tgw_xom, grunt_gozag_statues, serial_shops,
          nicolae_stop_n_shop_2, minmay_crystal_room, uniq_joseph
D:8:      layout_cave_pods, kennysheep_little_box, old_standard_altar,
          serial_shops, nicolae_shop_crystal, nicolae_water_bricks,
          nicolae_wwwww, bh_walls_and_bars
D:9:      layout_roguey, jmf_multi_god_temple2, david_orc_2, serial_undead,
          serial_undead_d, serial_undead_a, serial_undead_e, serial_undead_f,
          uniq_maggie
D:10:     layout_roguey, dpeg_oklobed_lair, minmay_joined_circles
D:11:     lemuel_vampire_tower, layout_gridville, uniq_josephine
D:12:     layout_long_grid, ebering_ghost_funeral_grove, uniq_urug, uniq_rupert,
          uniq_snorg
D:13:     layout_stronghold, david_vaults_1, uniq_lodul, uniq_kirke
D:14:     layout_basic, kennysheep_pointless_box, serial_demonic,
          serial_demonic_g, serial_demonic_d, serial_demonic_b,
          serial_demonic_a, serial_demonic_a, serial_demonic_c,
          serial_demonic_b, serial_demonic_f, uniq_jorgrun
D:15:     gammafunk_enter_depths_forms, layout_basic, enter_trove_1,
          okawaru_ov_weapons_minmay, onia_ninara_cookie
Temple:   nicolae_temple_figure_eight
Lair:1:   layout_regular_city, eino_small_chamber_without_monster,
          minmay_lair_oklob_items, chequers_serial_rivers_room_b,
          nzn_random_ring
Lair:2:   layout_gridlike, minmay_shoals_entry_hut,
          cheibrodos_lair_caveside_slide
Lair:3:   layout_chaotic_city, spider_nest_entry_a, minivault_25,
          nicolae_lair_grove_arrangements, worms_lemuel,
          infiniplex_staircase_pool, grunt_megastairs_2
Lair:4:   layout_loops_ring, minmay_slime_entry_pillars, gammafunk_ghost_arena,
          portal_ice_cave_entry_pillars_2, serial_bayou_pond_c
Lair:5:   evil_forest, layout_regular_city, nicolae_lair_liquid_snakes
Shoals:1: layout_shoals, serial_shops, nicolae_diamond_shop,
          nicolae_shoals_aquamancer_cove
Shoals:2: layout_shoals, uniq_louise, uniq_polyphemus
Shoals:3: layout_shoals
Shoals:4: shoals_end_grunt_ice, layout_shoals
Spider:1: layout_spider_delve, uniq_roxanne
Spider:2: layout_chambers, uniq_arachne
Spider:3: layout_chambers, drop_trap, hangedman_spider_tarantella_strand
Spider:4: hellmonk_spider_rune_endless_swarm, einodemon_crawler_minivault
Orc:1:    layout_caves, nicolae_orc_crystal_geode
Orc:2:    st_orc_open, layout_diamond_mine, gammafunk_ghost_wrathful_warriors,
          bloody_makhleb

Skill      XL: |  1  2  3  4  5  6  7  8  9 10 11 12 13 14 15 16 17 18 19 |
---------------+----------------------------------------------------------+-----
Spellcasting   | 5 6 7 8 9 10 11 12 13 14 | 14.5
Invocations    | 1 2 3 4 5 6 7 8 9 10 11 12 13 14 | 14.8
Short Blades   | 1 2 3 5 6 7 8 9 10 11 12 13 | 13.7
Axes           | 1 2 3 5 6 7 8 9 10 11 12 13 | 13.7
Maces & Flails | 1 2 3 5 6 7 8 9 10 11 12 13 | 13.7
Polearms       | 1 2 3 5 6 7 8 9 10 11 12 13 | 13.7
Staves         | 1 2 3 5 6 7 8 9 10 11 12 13 | 13.7
Ranged Weapons | 1 2 3 5 6 7 8 9 10 11 12 13 | 13.7
Stealth        | 1 2 3 5 6 7 8 9 10 11 12 13 | 13.7
Shields        | 1 2 3 5 6 7 8 9 10 11 12 13 | 13.7
Unarmed Combat | 1 2 3 5 6 7 8 9 10 11 12 13 | 13.7
Evocations     | 1 2 3 5 6 7 8 9 10 11 12 13 | 13.7
Conjurations   | 1 2 3 4 5 6 7 8 9 10 11 | 11.6
Hexes          | 1 2 3 4 5 6 7 8 9 10 11 | 11.6
Summonings     | 1 2 3 4 5 6 7 8 9 10 11 | 11.6
Necromancy     | 1 2 3 4 5 6 7 8 9 10 11 | 11.6
Transmutations | 1 2 3 4 5 6 7 8 9 10 11 | 11.6
Fire Magic     | 1 2 3 4 5 6 7 8 9 10 11 | 11.6
Ice Magic      | 1 2 3 4 5 6 7 8 9 10 11 | 11.6
Air Magic      | 1 2 3 4 5 6 7 8 9 10 11 | 11.6
Earth Magic    | 1 2 3 4 5 6 7 8 9 10 11 | 11.6
Poison Magic   | 1 2 3 4 5 6 7 8 9 10 11 | 11.6
Throwing       | 3 4 5 6 7 8 9 10 11 12 13 | 13.9
Armour         | 3 4 5 6 7 8 9 10 11 12 13 | 13.9
Fighting       | 5 6 7 8 9 10 11 12 13 14 | 14.4
Long Blades    | 5 6 7 8 9 10 11 12 13 14 | 14.4
Dodging        | 5 6 7 8 9 10 11 12 13 14 | 14.4
Translocations | 6 7 8 9 10 11 12 | 12.8

Action                   |  1- 3 |  4- 6 |  7- 9 | 10-12 | 13-15 | 16-18 | 19-21 || total
-------------------------+-------+-------+-------+-------+-------+-------+-------++-------
Melee: Falchion          |    95 |   143 |       |       |       |       |       ||   238
       Bite              |    11 |    28 |    45 |    77 |   158 |   255 |    81 ||   655
       Flail             |       |    63 |   368 |    55 |       |       |       ||   486
       Punch             |       |     6 |     8 |    25 |   108 |   180 |    46 ||   373
       Long sword        |       |       |       |   583 |  1149 |  1500 |   537 ||  3769
       Unarmed           |       |       |       |       |       |    13 |       ||    13
Throw: Stone             |     8 |     5 |     1 |     3 |       |       |       ||    17
       Boomerang         |     1 |       |     6 |     9 |    39 |   453 |    49 ||   557
       Dart              |       |       |       |       |       |       |    13 ||    13
       Javelin           |       |       |       |       |       |       |     7 ||     7
 Cast: Blink             |       |     1 |     1 |       |     1 |     6 |     4 ||    13
       Ozocubu's Armour  |       |       |       |     1 |     1 |       |       ||     2
       Teleport Other    |       |       |       |       |     2 |       |       ||     2
Invok: Curse Item        |       |       |     2 |     5 |     3 |     1 |     2 ||    13
       Shatter the Chain |       |       |       |       |     1 |     1 |     2 ||     4
Evoke: Wand              |       |     8 |     6 |     5 |    29 |    20 |     2 ||    70
       Box of beasts     |       |       |       |       |     1 |     1 |       ||     2
  Use: Scroll            |       |     3 |     3 |       |     2 |     5 |     3 ||    16
       Potion            |       |       |     1 |       |     7 |    10 |     4 ||    22
 Stab: Sleeping          |     4 |     3 |     6 |    13 |    31 |    35 |     7 ||    99
       Distracted        |       |       |       |     3 |     5 |     3 |       ||    11
       Petrified         |       |       |       |       |     3 |       |     9 ||    12
       Invisible         |       |       |       |       |       |     2 |       ||     2
       Paralysed         |       |       |       |       |       |       |     1 ||     1
Armor: Leather armour    |    23 |    26 |       |       |       |       |       ||    49
       Ring mail         |       |    80 |   190 |   290 |   349 |   496 |   192 ||  1597
Dodge: Dodged            |    46 |   144 |   496 |   776 |  1126 |  2178 |   475 ||  5241
Block: Tower shield      |       |       |       |       |       |    19 |       ||    19
       Buckler           |       |       |       |       |       |       |    48 ||    48
